 Dungeon Crawl Stone Soup version 0.30-a0-462-gd5975efbca (webtiles) character file.

Game seed: 11888040768860917699

317 zishaf the Gusty (level 6, -1/37 HPs)
             Began as a Tengu Air Elementalist on Dec 16, 2022.
             Slain by a necrophage (4 damage)
             ... on level 5 of the Dungeon.
             The game lasted 00:07:57 (4462 turns).

zishaf the Gusty (Tengu Air Elementalist)           Turns: 4462, Time: 00:07:58

Health: -1/37      AC:  4    Str:  8    XL:     6   Next: 44%
Magic:  10/19      EV: 14    Int: 18    God:
Gold:   175        SH:  0    Dex: 14    Spells: 2/9 levels left

rFire   . . .      SeeInvis .    g - +3 hand axe "Embalmer" {pain, MP+9}
rCold   + . .      Faith    .    (no shield)
rNeg    . . .      Spirit   .    a - +0 robe
rPois   +          Reflect  .    (helmet restricted)
rElec   .          Harm     .    (no cloak)
rCorr   .          Rampage  .    p - +1 pair of gloves
Will    .....                    (boots unavailable)
Stlth   ++........               (no amulet)
HPRegen 0.26/turn                m - ring of protection from cold
MPRegen 0.16/turn                r - ring of poison resistance

@: flying quickly and evasively, quick
A: beak, talons 3, nimble flight
a: no special abilities


You were on level 5 of the Dungeon.
You visited 1 branch of the dungeon, and saw 5 of its levels.

You collected 313 gold pieces.
You spent 138 gold pieces at shops.

Inventory:

Hand Weapons
 c - a +0 dagger
 g - the +3 hand axe "Embalmer" (weapon) {pain, MP+9}
   (You found it on level 4 of the Dungeon)

   In the hands of one skilled in necromantic magic, it inflicts extra damage on
   living creatures.
   MP:        It affects your magic capacity (+9).
 t - a +4 club
Missiles
 s - a throwing net
Armour
 a - a +0 robe (worn)
 p - a +1 pair of gloves (worn)
Jewellery
 m - a ring of protection from cold (left hand)
 r - a ring of poison resistance (right hand)
Scrolls
 l - a scroll of teleportation
Potions
 b - 2 potions of magic
 d - a potion of brilliance
 e - a potion of lignification
 f - a potion of berserk rage {unknown}
 i - a potion of might {unknown}
 j - 2 potions of mutation
 n - 2 potions of haste
 o - a potion of attraction {unknown}
 v - a potion of curing


   Skills:
 + Level 3.3 Fighting
 - Level 2.1 Dodging
 - Level 2.0 Stealth
 - Level 2.0 Spellcasting
 + Level 4.8 Conjurations
 + Level 0.5 Summonings
 + Level 6.2 Air Magic


You had 2 spell levels left.
You knew the following spells:

 Your Spells              Type           Power      Damage    Failure   Level
a - Shock                 Conj/Air       84%        1d8       1%          1
b - Airstrike             Air            12%        2d(2-18)  14%         4
A - Static Discharge      Conj/Air       42%        2-4/arc   2%          2

Your spell library contained the following spells:

 Spells                   Type           Power      Damage    Failure   Level
 Blink                    Tloc           2%         N/A       26%         2
 Swiftness                Air            24%        N/A       4%          3
 Summon Lightning Spire   Summ/Air       13%        N/A       41%         4
 Silence                  Hex/Air        6%         N/A       80%         5
 Manifold Assault         Tloc           1%         N/A       87%         4
 Passage of Golubria      Tloc           1%         N/A       87%         4
 Storm Form               Tmut/Air       6%         N/A       100%        7
 Lehudib's Crystal Spear  Conj/Erth      5%         10d3      100%        8
 Maxwell's Capacitive Co  Air            12%        ∞         100%        8


Dungeon Overview and Level Annotations

Branches:
Dungeon (5/15)
 Temple: D:4-7

Altars:
The Shining One

Shops:
D:4 =!*!


Innate Abilities, Weirdness & Mutations

You have a beak for a mouth.
You have claws for feet.
Your magical nature lets you fly swiftly and evasively.


Message History

Confirm with . or Enter, or press ? or * to list all spells.
The hound is struck by an arc of lightning.
The hound is lightly wounded.
You are struck by an arc of lightning.
The hound is struck by an arc of lightning.
The hound is heavily wounded.
You are struck by an arc of lightning.
The lightning grounds out.
The hound closely misses you. The necrophage hits you.
Casting: Static Discharge (safe; 3% risk of failure)
Confirm with . or Enter, or press ? or * to list all spells.
The hound is struck by an arc of lightning.
The hound is severely wounded.
You are struck by an arc of lightning.
The lightning grounds out.
The necrophage is struck by an arc of lightning.
The necrophage is moderately damaged.
You are struck by an arc of lightning.
The hound is struck by an arc of lightning.
You kill the hound!
You are struck by an arc of lightning.
The lightning grounds out.
The necrophage hits you.
You feel drained.
Your life force feels restored.
Casting: Static Discharge (safe; 2% risk of failure)
Confirm with . or Enter, or press ? or * to list all spells.
The necrophage is struck by an arc of lightning.
The necrophage is heavily damaged.
You are struck by an arc of lightning.
The lightning grounds out.
The necrophage hits you!
* * * LOW HITPOINT WARNING * * *
Casting: Static Discharge (safe; 2% risk of failure)
Confirm with . or Enter, or press ? or * to list all spells.
The necrophage is struck by an arc of lightning.
The necrophage is heavily damaged.
You are struck by an arc of lightning.
* * * LOW HITPOINT WARNING * * *
The necrophage is struck by an arc of lightning.
The necrophage is heavily damaged.
You are struck by an arc of lightning.
* * * LOW HITPOINT WARNING * * *
The lightning grounds out.
The necrophage hits you.
You die...

## ... ##.
..# .
...##..##..
........
#.<.... #
#....##..#
#..n.....#
#@......#
#†..##..#
#...# ....#
...## #..##
####


You could see a necrophage.

Vanquished Creatures
  2 hounds
  Robin (D:3)
  8 gnolls
  5 adders
  A shadow imp (D:3)
  An ufetubus (D:4)
  4 worms
  4 dart slugs
  4 orcs
  6 endoplasms
  4 giant cockroaches
  12 goblins
  8 hobgoblins
  5 quokkas
  7 ball pythons
  4 bats
  3 frilled lizards
  6 kobolds
  5 rats
90 creatures vanquished.

Notes
Turn   | Place    | Note
-------+----------+-------------------------------------------
     0 | D:1      | zishaf the Tengu Air Elementalist began the quest for the
                  | Orb.
     0 | D:1      | Reached XP level 1. HP: 10/10 MP: 4/4
   121 | D:1      | Reached XP level 2. HP: 16/16 MP: 3/6
   124 | D:1      | Learned a level 2 spell: Static Discharge
   335 | D:1      | Reached skill level 1 in Fighting
   777 | D:1      | Reached XP level 3. HP: 20/20 MP: 2/7
  1115 | D:2      | You fall into a shaft and drop 1 floor!
  1133 | D:3      | Found a faded altar of an unknown god.
  1530 | D:3      | Reached skill level 5 in Air Magic
  1530 | D:3      | Reached XP level 4. HP: 10/26 MP: 1/8
  2157 | D:2      | Gained mutation: Your magical nature lets you fly swiftly
                  | and evasively. [Tengu growth]
  2157 | D:2      | Reached XP level 5. HP: 28/31 MP: 0/9
  3104 | D:3      | Noticed Robin
  3109 | D:3      | Killed Robin
  3349 | D:3      | Reached XP level 6. HP: 37/37 MP: 5/10
  3395 | D:4      | Found Fus Bej's Armour Emporium.
  3401 | D:4      | Reached skill level 6 in Air Magic
  3407 | D:4      | Learned a level 4 spell: Airstrike
  3463 | D:4      | Found Ugyguucu's General Store.
  3489 | D:4      | Bought a potion of curing for 42 gold pieces
  3607 | D:4      | Found Byapop's Distillery.
  3724 | D:4      | Found Riboru's Distillery.
  3740 | D:4      | Bought a potion of mutation for 96 gold pieces
  3779 | D:4      | Found Ciatij's Jewellery Shoppe.
  3828 | D:4      | Found a glowing golden altar of the Shining One.
  3863 | D:4      | Identified the +3 hand axe "Embalmer" {pain, MP+9}
  4456 | D:5      | Entered Level 5 of the Dungeon
  4462 | D:5      | Slain by a necrophage

Illustrated notes

Levels and vault maps discovered:
D:1:      denvon_arrival_waterhouse, layout_loops_cross
D:2:      layout_basic, hangedman_abyss_or_decor_lesser_grid
D:3:      layout_rooms, ebering_ecumenical_altar_mist, uniq_robin
D:4:      layout_cave_pods, lemuel_doored_altar, serial_shops, shop,
          nicolae_shop_hallway_stairs, shop_coins, shop, nicolae_take_the_stairs
D:5:      layout_cave_pools, cheibrodos_ashenzari_chains, vehumet_crystals,
          grunt_decor_resistance, kennysheep_minor_cross, amethyst_killhole,
          chequers_serial_rivers_small_a, minmay_misc_feat_tower,
          dreamdust_mushroom_princess, uniq_prince_ribbit1

Skill      XL: |  1  2  3  4  5  6 |
---------------+-------------------+-----
Conjurations   | 2 3 4 |  4.8
Fighting       | 1 2 3 |  3.3
Air Magic      | 5 6 |  6.2
Dodging        | |  2.1
Stealth        | |  2.0
Spellcasting   | |  2.0
Summonings     | |  0.5

Action                   |  1- 3 |  4- 6 || total
-------------------------+-------+-------++-------
Melee: Unarmed           |     9 |       ||     9
       Kick              |     5 |     3 ||     8
       Peck              |     2 |     3 ||     5
       Dagger            |     5 |    15 ||    20
       Club              |       |     5 ||     5
 Cast: Shock             |    79 |   116 ||   195
       Static Discharge  |     3 |     8 ||    11
  Use: Scroll            |       |     8 ||     8
 Stab: Sleeping          |       |     1 ||     1
Armor: Robe              |     2 |    10 ||    12
Dodge: Dodged            |    17 |    27 ||    44

Table legend: (Time is in decaauts)
 A = Elapsed time spent in this place.
 B = Non-inter-level travel time spent in this place.
 C = Inter-level travel time spent in this place.
 D = Time resting spent in this place.
 E = Time spent auto-exploring this place.
 F = Levels seen in this place.
 G = Mean time per level.
                   A        B        C        D        E       F      G
               +--------+--------+--------+--------+--------+-----+--------+
         Total |   4325 |   4185 |    140 |    463 |   3029 |   5 |  865.0 |
       Dungeon |   4325 |   4185 |    140 |    463 |   3029 |   5 |  865.0 |
               +--------+--------+--------+--------+--------+-----+--------+

Top non-repeatable levels by time:
     D:2: 1146 daAuts
     D:3: 1135 daAuts
     D:1: 1055 daAuts
     D:4: 982 daAuts
     D:5: 5 daAuts
